 Dungeon Crawl Stone Soup version 0.30-b1-2-g02819fbbbe (webtiles) character file.

Game seed: 5179708259328956833

57 Alarkh the Insei (level 3, -1/26 HPs)
             Began as a Demonspawn Transmuter on July 6, 2023.
             Slain by an iguana (14 damage)
             ... on level 2 of the Dungeon.
             The game lasted 00:01:28 (1401 turns).

Alarkh the Insei (Demonspawn Transmuter)            Turns: 1401, Time: 00:01:28

Health: -1/26      AC:  2    Str: 10    XL:     3   Next: 73%
Magic:  6/6        EV: 12    Int: 16    God:
Gold:   158        SH:  0    Dex: 13    Spells: 5/6 levels left

rFire   . .          .
                       - Unarmed
rCold   . . .        (no shield)
rNeg    . . .        a - +0 robe
rPois   .            (no helmet)
rElec   .            (no cloak)
rCorr   .            (no gloves)
SInv    .            (no boots)
Will    .....        (no amulet)
Stlth   +            (no ring)
HPRegen 0.24/turn    (no ring)
MPRegen 0.10/turn

%: no passive effects
@: attractive
A: weakness stinger 1
a: no special abilities


You were on level 2 of the Dungeon.
You visited 1 branch of the dungeon, and saw 2 of its levels.

You collected 158 gold pieces.

Inventory:

Missiles
 g - 2 throwing nets
Armour
 a - a +0 robe (worn)
Scrolls
 b - a scroll of identify {unknown}
 d - a scroll of poison {unknown}
Potions
 e - a potion of magic {unknown}
 f - a potion of degeneration {unknown}


   Skills:
 - Level 1.0 Fighting
 - Level 1.7 Dodging
 + Level 4.3 Unarmed Combat
 - Level 2.0 Spellcasting
 - Level 1.7 Transmutations


You had 5 spell levels left.
You knew the following spells:

 Your Spells              Type           Power      Damage    Failure   Level
a - Beastly Appendage     Tmut           14%        N/A       10%         1

Your spell library contained the following spells:

 Spells                   Type           Power      Damage    Failure   Level
 Wereblood                Tmut           7%         N/A       16%         2
 Kiss of Death            Conj/Necr      4%         2d5       21%         1
 Spider Form              Tmut/Pois      4%         N/A       41%         3
 Confusing Touch          Hex            1%         N/A       52%         3
 Ice Form                 Ice/Tmut       4%         N/A       82%         4
 Dispel Undead            Necr           1%         3d6       90%         4


Dungeon Overview and Level Annotations

Branches:
Dungeon (2/15)

Altars:
Hepliaklqana


Innate Abilities, Weirdness & Mutations

You have a small tail.


Message History

You see here a quokka corpse.
An iguana comes into view.
The iguana hisses angrily.
An iguana is nearby!
An iguana is nearby!
You hit the iguana.
The iguana is lightly wounded.
The iguana bites you!
You hit the iguana but do no damage.
The iguana is lightly wounded.
You hit the iguana but do no damage.
Your tail-slap misses the iguana.
The iguana is lightly wounded.
The iguana misses you.
You hit the iguana but do no damage.
The iguana is lightly wounded.
The iguana misses you.
You hit the iguana. You tail-slap the iguana.
The iguana is heavily wounded.
The iguana bites you.
You are too injured to fight recklessly!
You are too injured to fight recklessly!
You are too injured to fight recklessly!
You are too injured to fight recklessly!
You are too injured to fight recklessly!
You are too injured to fight recklessly!
You are too injured to fight recklessly!
You are too injured to fight recklessly!
You are too injured to fight recklessly!
You are too injured to fight recklessly!
You are too injured to fight recklessly!
You are too injured to fight recklessly!
You are too injured to fight recklessly!
It was a potion of attraction.
You feel attractive to monsters.
The iguana bites you but does no damage.
You hit the iguana.
The iguana is severely wounded.
The iguana bites you!
Ouch! That really hurt!
You die...

#..#####.###
.........###
................
>.......##.####
....... #.####
.....####....#
.....#....#.##
#.######.#<.#.####.#
#..l@.##.##.#.# ..
#####.##.##.#.#######
##.##.†...........
#........##.###..#
########## .# .# ..
##


You could see an iguana.

Vanquished Creatures
  An adder (D:2)
  5 ball pythons
  7 bats
  4 endoplasms
  A giant cockroach (D:2)
  6 goblins
  2 hobgoblins (D:1)
  6 jackals
  A kobold (D:1)
  2 quokkas
  3 frilled lizards
  5 rats (D:2)
43 creatures vanquished.

Notes
Turn   | Place    | Note
-------+----------+-------------------------------------------
     0 | D:1      | Alarkh the Demonspawn Transmuter began the quest for the
                  | Orb.
     0 | D:1      | Reached XP level 1. HP: 15/15 MP: 3/3
   130 | D:1      | Reached skill level 3 in Unarmed Combat
   208 | D:1      | Gained mutation: You have a small tail. [demonic ancestry]
   208 | D:1      | Reached XP level 2. HP: 8/21 MP: 5/5
   986 | D:2      | Reached XP level 3. HP: 22/26 MP: 6/6
  1129 | D:2      | Found a hazy altar of Hepliaklqana.
  1138 | D:2      | Reached skill level 4 in Unarmed Combat
  1401 | D:2      | Slain by an iguana

Illustrated notes

Levels and vault maps discovered:
D:1:      kilobyte_arrival_exit_the_forest, layout_rooms, minmay_hexomino_p4
D:2:      layout_basic, basic_altar

Skill      XL: |  1  2  3 |
---------------+----------+-----
Unarmed Combat | 3 4 |  4.3
Fighting       | |  1.0
Dodging        | |  1.7
Spellcasting   | |  2.0
Transmutations | |  1.7

Action                     || total
---------------------------++-------
  Melee: Unarmed           ||   168
         Punch             ||     4
         Tailslap          ||    15
    Use: Potion            ||     3
 Armour: Robe              ||    33
         Skin              ||     2
  Dodge: Dodged            ||   134
